 Dungeon Crawl Stone Soup version 0.27-a0-1559-g299f9947c5 (webtiles) character file.

Game seed: 2732413288843043852

60 Lemonice the Skirmisher (level 4, 0/37 HPs)
             Began as a Formicid Abyssal Knight on July 16, 2021.
             Was a Follower of Lugonu.
             Killed from afar by Natasha (5 damage)
             ... with a magic dart
             ... on level 2 of the Dungeon.
             The game lasted 00:01:52 (1770 turns).

Lemonice the Skirmisher (Formicid Abyssal Knight)   Turns: 1770, Time: 00:01:52

Health: 0/37       AC:  3    Str: 17    XL:     4   Next: 25%
Magic:  6/6        EV: 11    Int: 12    God:    Lugonu [*.....]
Gold:   82         SH:  0    Dex: 10    Spells: 3/3 levels left

rFire    . . .     SeeInvis +   a - +1 hand axe
rCold    . . .     Faith    .   (no shield)
rNeg     . . .     Spirit   .   b - +0 leather armour
rPois    .         Reflect  .   (helmet unavailable)
rElec    .         Harm     .   (no cloak)
rCorr    .         Rampage  .   (no gloves)
Will     .....                  (no boots)
Stlth    +.........             (no amulet)
HPRegen  0.12/turn              (no ring)
MPRegen  0.10/turn              (no ring)

@: no status effects
A: permanent stasis, dig shafts and tunnels, antennae 3, four strong arms
a: Dig, Shaft Self, Renounce Religion, Depart the Abyss


You were on level 2 of the Dungeon.
You worshipped Lugonu.
Lugonu was aware of your devotion.
You visited 1 branch of the dungeon, and saw 2 of its levels.
You visited the Abyss 1 time.

You collected 82 gold pieces.

Inventory:

Hand Weapons
 a - a +1 hand axe (weapon)
Armour
 b - a +0 leather armour (worn)
Jewellery
 d - an amulet of magic regeneration
Scrolls
 e - a scroll of identify {unknown}
 f - a scroll of enchant weapon {unknown}
Potions
 c - a potion of attraction {unknown}
 g - a potion of might {unknown}


   Skills:
 + Level 3.7 Fighting
 * Level 3.0 Axes
 + Level 2.8 Armour
 - Level 1.0 Dodging
 + Level 2.9 Invocations


You had 3 spell levels left.
You didn't know any spells.
Your spell library contained the following spells:

 Spells                   Type           Power      Damage    Failure   Level
 Animate Skeleton         Necr           0%         N/A       36%         1
 Apportation              Tloc           0%         N/A       36%         1
 Corona                   Hex            0%         N/A       36%         1
 Summon Small Mammal      Summ           0%         N/A       36%         1


Dungeon Overview and Level Annotations

Branches:
Dungeon (2/15)

Altars:

Annotations:
D:2 Natasha


Innate Abilities, Weirdness & Mutations

You cannot be hasted, slowed, berserked, paralysed or teleported.
You can dig through walls and to a lower floor.
You have a pair of large antennae on your head. (SInv)
Your four strong arms can wield two-handed weapons with a shield.


Message History

Natasha hisses angrily.
The ball python closely misses you. The ball python grabs you.
The ball python constricts you. The ball python bites you.
The ball python constricts you.
You completely miss the ball python. Natasha casts a spell at you.
Your stasis prevents you from being slowed.
The ball python bites you but does no damage.
The ball python constricts you.
You hit the ball python.
You kill the ball python!
Lugonu accepts your kill.
You see here a ball python corpse.
Natasha claws you.
You miss Natasha. Natasha claws you!
You barely miss Natasha. Natasha barely misses you.
You hit Natasha.
Natasha is lightly wounded.
Natasha howls an incantation.
Natasha's front paws start to glow.
Natasha claws you.
You closely miss Natasha.
Natasha is lightly wounded.
Natasha claws you!
You barely miss Natasha.
Natasha is lightly wounded.
Natasha claws you!
* * * LOW HITPOINT WARNING * * *
Natasha barely misses you.
You barely miss Natasha.
Natasha is lightly wounded.
Natasha barely misses you.
You closely miss Natasha.
Natasha is lightly wounded.
Natasha casts a spell.
You slash Natasha!
Natasha is severely wounded.
Natasha stares at you and mumbles some strange words.
The magic dart hits you.
You die...

.# # #.# .#..## #.##.
..... . ##. ..... ....
.. ... ..... ... .. #.#
#.##.##.# .#
#.#####.##.##.##..#..
#............h.......
#...###.###.#@.5.....
#...#................
####...#.#####†#.##..#..
#.............$......#
#...####.#####.####..#
#.#.####.## #.# .#
..........# #.# #
###.####..# #.. ...
..... .. #.# # #.#
#..#+#...##..##


You could see Natasha and a crimson imp (summoned).

Vanquished Creatures
  Natasha (D:2)
  2 dart slugs (D:1)
  4 ball pythons
  2 bats
  An endoplasm (D:1)
  2 giant cockroaches (D:1)
  7 goblins
  A hobgoblin (D:1)
  2 quokkas (D:1)
  A frilled lizard (D:1)
  3 kobolds
  3 rats (D:1)
29 creatures vanquished.

Notes
Turn   | Place    | Note
-------+----------+-------------------------------------------
     0 | Abyss:1  | Lemonice the Formicid Abyssal Knight began the quest for
                  | the Orb.
     0 | Abyss:1  | Reached XP level 1. HP: 18/18 MP: 2/2
    15 | D:1      | Escaped the Abyss
    76 | D:1      | Reached skill level 1 in Dodging
   195 | D:1      | Reached XP level 2. HP: 14/24 MP: 3/3
   841 | D:1      | Reached XP level 3. HP: 24/29 MP: 4/4
  1236 | D:2      | Noticed Natasha
  1252 | D:2      | Killed Natasha
  1253 | D:2      | Reached XP level 4. HP: 21/37 MP: 4/6
  1757 | D:2      | Noticed Natasha
  1770 | D:2      | Killed from afar by Natasha

Illustrated notes

Levels and vault maps discovered:
D:1:      onia_arrival_pentagram, layout_loops_ring
D:2:      layout_basic, uniq_natasha, uniq_robin, uniq_jessica

Skill      XL: |  1  2  3  4 |
---------------+-------------+-----
Dodging        | 1 |  1.0
Axes           | 3 |  3.0
Fighting       | |  3.7
Armour         | |  2.8
Invocations    | |  2.9

Action                   |  1- 3 |  4- 6 || total
-------------------------+-------+-------++-------
Melee: Hand axe          |    87 |    24 ||   111
Armor: Leather armour    |    27 |     5 ||    32
Dodge: Dodged            |    60 |    11 ||    71

Table legend: (Time is in decaauts)
 A = Elapsed time spent in this place.
 B = Non-inter-level travel time spent in this place.
 C = Inter-level travel time spent in this place.
 D = Time resting spent in this place.
 E = Time spent auto-exploring this place.
 F = Levels seen in this place.
 G = Mean time per level.
                   A        B        C        D        E       F      G
               +--------+--------+--------+--------+--------+-----+--------+
         Total |   1790 |   1737 |     53 |      0 |   1438 |   3 |  596.7 |
       Dungeon |   1775 |   1722 |     53 |      0 |   1438 |   2 |  887.5 |
         Abyss |     15 |     15 |      0 |      0 |      0 |   1 |   15.0 |
               +--------+--------+--------+--------+--------+-----+--------+

Top non-repeatable levels by time:
     D:1: 1233 daAuts
     D:2: 542 daAuts
 Abyss:1: 15 daAuts
